 Dungeon Crawl Stone Soup version 0.14.0-15-g6b16f67 (webtiles) character file.

75444 Kejsarherre the Destroyer (level 15, -4/96 HPs)
             Began as an Octopode Conjurer on Apr 17, 2014.
             Was the Champion of Kikubaaqudgha.
             Shot with a bolt by a naga sharpshooter (8 damage)
             ... on Level 4 of the Snake Pit on Apr 18, 2014.
             The game lasted 02:48:37 (29567 turns).

Kejsarherre the Destroyer (Octopode Conjurer)      Turns: 29567, Time: 02:48:40

HP  -4/96        AC  1     Str 10      XL: 15   Next: 49%
MP  26/45        EV 13     Int 27      God: Kikubaaqudgha [******]
Gold 281         SH 13     Dex 17      Spells:  9 memorised,  3 levels left

rFire  . . .     SeeInvis +     F - +2,+0 broad axe (elec)
rCold  + + +     Clarity  .     a - +1 buckler
rNeg   + . .     Conserve .     (helmet restricted)
rPois  +         rCorr    .     s - amulet of the gourmand
rElec  +         rRot     .     j - +3 ring of intelligence
SustAb . .       Spirit   .     v - ring of Sticw {Ice +Inv rElec Dex+1 Int+1 SInv}
rMut   .         Warding  .     o - ring "Frec" {+Blink rElec rN+ Acc+4 Stlth-}
Gourm  +         Stasis   .     E - ring of wizardry
MR     ++...                    N - ring of wizardry
                                C - ring of Ghaaxtikh {rF+ rC++ Dex+3 SInv}
                                u - ring of magical power
                                B - ring of poison resistance

@: regenerating, very resistant to hostile enchantments, quite stealthy
A: almost no armour, amphibious, 8 rings, constrict 8, camouflage 1, deformed
body, magic resistance 1, strong 1, gelatinous body 1
a: Receive Corpses, Torment, Renounce Religion, Evoke Blink, Evoke Invisibility


You were on level 4 of the Snake Pit.
You worshipped Kikubaaqudgha.
Kikubaaqudgha was exalted by your worship.
You were very full.

You visited 5 branches of the dungeon, and saw 26 of its levels.
You also visited: Labyrinth and Sewer.

You collected 2403 gold pieces.
You spent 2122 gold pieces at shops.

Inventory:

Hand weapons
 x - a +3,+2 whip of protection
 F - a +2,+0 broad axe of electrocution (weapon)
Armour
 a - a +1 buckler (worn)
 S - a +0 shield
Magical devices
 A - a wand of disintegration (12)
 D - a wand of cold (3)
 K - a wand of fire (4)
 P - a wand of digging (9)
Comestibles
 b - 8 bread rations
 g - 3 apples
 w - 2 chokos
 L - a beef jerky
Scrolls
 c - a scroll of identify
 k - a scroll of fog
 m - 6 scrolls of teleportation
 q - 5 scrolls of remove curse
 J - a scroll of magic mapping
 Q - a scroll of vulnerability
Jewellery
 e - an uncursed amulet of clarity
 f - an uncursed ring of protection from cold
 h - an uncursed ring of ice
 j - a +3 ring of intelligence (left tentacle)
 o - the ring "Frec" (on tentacle) {+Blink rElec rN+ Acc+4 Stlth-}
   (You bought it in a shop on level 4 of the Orcish Mines)

   [ring of positive energy]

   It affects your accuracy with ranged weapons and melee attacks (+4).
   It insulates you from electricity.
   It lets you blink.
   It makes you much less stealthy.
 s - an amulet of the gourmand (around mantle)
 u - a ring of magical power (on tentacle)
 v - the ring of Sticw (right tentacle) {Ice +Inv rElec Dex+1 Int+1 SInv}
   (You bought it in a shop on level 4 of the Orcish Mines)

   [ring of ice]

   It affects your intelligence (+1).
   It affects your dexterity (+1).
   It insulates you from electricity.
   It enhances your eyesight.
   It lets you turn invisible.
 y - an uncursed ring of flight
 z - an uncursed amulet of stasis
 B - a ring of poison resistance (on tentacle)
 C - the ring of Ghaaxtikh (on tentacle) {rF+ rC++ Dex+3 SInv}
   (You found it on level 6 of the Lair of Beasts)

   [ring of see invisible]

   It affects your dexterity (+3).
   It protects you from fire.
   It greatly protects you from cold.
 E - a ring of wizardry (on tentacle)
 G - a +3 ring of dexterity
 N - a ring of wizardry (on tentacle)
Potions
 d - 6 potions of brilliance
 i - 3 potions of flight
 l - 5 potions of might
 n - 9 potions of curing
 r - 3 potions of agility
 t - 5 potions of restore abilities
Books
 p - a book of Annihilations

   Spells                             Type                      Level
   *Poison Arrow                      Conjuration/Poison           6
   Chain Lightning                    Conjuration/Air              8
   Lehudib's Crystal Spear            Conjuration/Earth            8
   *Glaciate                          Conjuration/Ice              9
   Fire Storm                         Conjuration/Fire             9
 I - a book of Clouds

   Spells                             Type                      Level
   *Mephitic Cloud                    Conjuration/Poison/Air       3
   Conjure Flame                      Conjuration/Fire             3
   Poisonous Cloud                    Conjuration/Poison/Air       6
   Freezing Cloud                     Conjuration/Ice/Air          6
   Ring of Flames                     Charms/Fire                  7
Magical staves
 U - an uncursed staff of death


   Skills:
 - Level 6.7 Fighting
 - Level 2.0 Dodging
 - Level 5.0 Stealth
 - Level 5.4 Shields
 - Level 13.9 Spellcasting
 - Level 17.1 Conjurations
 - Level 4.2 Charms
 + Level 9.5 Necromancy


You had 3 spell levels left.
You knew the following spells:

 Your Spells              Type           Power        Failure   Level  Hunger
a - Magic Dart            Conj           ####         0%          1    None
b - Poison Arrow          Conj/Pois      ######....   4%          6    ####...
c - Iskenderun's Mystic   Conj           #######.     1%          4    None
d - Iskenderun's Battles  Conj/Chrm      ######..     1%          5    None
e - Regeneration          Chrm/Necr      ######....   1%          3    None
f - Animate Skeleton      Necr           N/A          1%          1    None
g - Mephitic Cloud        Conj/Pois/Air  #####...     1%          3    None
h - Glaciate              Conj/Ice       #######...   100%        9    #######
i - Haste                 Chrm           #####...     34%         6    ####...


Dungeon Overview and Level Annotations

Branches:
Dungeon (9/15)             Temple (1/1) D:7             Orc (4/4) D:9
   Lair (8/8) D:9           Swamp (0/5) Lair:4        Snake (4/5) Lair:4
  Slime (0/6) Lair:6
    Elf: Orc:3-4

Altars:
Dithmenos
Fedhas
Kikubaaqudgha
Nemelex Xobeh
Okawaru
Sif Muna
Xom
Yredelemnul
Zin
The Shining One
Beogh

Shops:
D:4 [   D:6 (   D:7 *   D:9 *   Orc:4 =([(%=   Snake:2 :

Annotations:
D:4 Edmund


Innate Abilities, Weirdness & Mutations

You cannot wear most types of armour.
You are amphibious.
You can wear up to eight rings at the same time.
You can use your tentacles to constrict many enemies at once.
Your skin changes colour to match your surroundings (Stlth).
Your rubbery body absorbs attacks (AC +1).
Your body is misshapen.
You are resistant to hostile enchantments.
Your muscles are strong. (Str +2)


Message History

Read which item? (? for menu, Esc to quit)
Okay, then.
Read which item? (? for menu, Esc to quit)
Okay, then.
Read which item? (? for menu, Esc to quit)
Okay, then.
Read which item? (? for menu, Esc to quit)
As you read the scroll of summoning, it crumbles to dust.
Wisps of shadow whirl around you...
The naga sharpshooter mumbles some strange words.
Magically, the naga sharpshooter shoots a bolt.
The bolt hits you!
* * * LOW HITPOINT WARNING * * *
You swap places.
Your black mamba skeleton bites the naga sharpshooter!
The naga sharpshooter gestures wildly while chanting.
Magically, the naga sharpshooter shoots a bolt.
The bolt hits you!
You die...
Kikubaaqudgha rasps: "You have failed me!
Welcome... death!"

##########
###.........
...N..... ..
#.##.#N.####.##
#)...@.S....N..
##..#.#(S....z...
.....#.##.###Z..#.
..................
##..#..))........
#..####%#####.!.
##..# #.# #...#
#%# #...# #.#


You could see a naga sharpshooter, a friendly guardian serpent, a friendly black
mamba, a friendly naga mage, a friendly black mamba skeleton and a friendly
anaconda skeleton.

Vanquished Creatures
  Agnes (Snake:1)
  A greater naga (Snake:4)
  A minotaur (Lab)
  Fannar (Orc:2)
  An ice dragon (Lair:8)
  2 naga warriors
  3 anacondas
  4 hydras
  16 death yaks
  A centaur warrior (Orc:4)
  Nergalle (Lair:4)
  3 catoblepae (Lair:8)
  A shock serpent (Snake:2)
  A salamander mystic (Snake:4)
  Erolcha (D:8)
  Pikel (D:6)
  6 orc knights
  A wolf spider (Lair:8)
  A mana viper (Snake:3)
  2 orc sorcerers (Orc:4)
  2 salamanders (Snake:4)
  A guardian serpent (Lair:4)
  6 black mambas
  8 elephants
  12 spiny frogs
  2 trolls (Orc:4)
  6 polar bears
  2 two-headed ogres
  5 komodo dragons
  7 fire drakes
  Prince Ribbit (Orc:1)
  A boulder beetle (Lair:5)
  22 blink frogs
  2 grizzly bears (Lair:5)
  A basilisk (Lair:1)
  2 sharks (Lair:6)
  3 hippogriffs
  Eustachio (D:7)
  26 yaks
  5 wolves
  Menkaure (D:4)
  4 wargs
  11 porcupines
  7 nagas
  4 ogres
  27 orc warriors
  A giant goldfish (Lair:6)
  2 ice beasts (D:9)
  2 sky beasts
  2 phantoms (D:5)
  A black bear (D:9)
  15 water moccasins
  2 slaves (D:5)
  An orc zombie (Orc:4)
  6 boring beetles
  5 crocodiles
  Duvessa (D:7)
  9 centaurs (Orc:4)
  8 giant slugs
  10 giant frogs
  6 big kobolds
  3 insubstantial wisps (Lair:4)
  A scorpion (D:6)
  A yak skeleton (Lair:8)
  4 killer bees (D:9)
  4 wights (D:6)
  Dowan (D:7)
  7 crimson imps
  A jelly (D:6)
  3 electric eels
  A goliath beetle (D:7)
  10 hounds
  23 orc wizards
  A black bear zombie (D:7)
  2 big fish
  15 orc priests
  8 iguanas
  A spectral orc (Lair:4)
  2 worker ants
  A black bear skeleton (D:7)
  A killer bee zombie (D:7)
  17 sheep
  Jessica (D:2)
  A hound skeleton (D:5)
  A worker ant zombie (D:5)
  26 green rats
  25 adders
  5 gnolls
  2 shadow imps
  3 giant mites
  2 orc skeletons (D:5)
  3 worms
  7 giant geckos
  5 oozes (Sewer)
  153 orcs
  3 ball pythons
  A bat zombie (D:8)
  5 giant cockroaches
  A gnoll zombie (D:6)
  13 goblins
  19 hobgoblins
  27 jackals
  26 kobolds
  12 quokkas
  19 bats
  3 giant newts
  29 rats
  3 fungi
791 creatures vanquished.

Vanquished Creatures (collateral kills)
  A hydra (Lair:7)
  A naga warrior (Snake:2)
  A death yak (Lair:8)
  A catoblepas (Lair:8)
  A naga sharpshooter (Snake:2)
  A griffon (Lair:8)
  A salamander (Snake:4)
  8 elephants
  6 black mambas
  3 fire drakes (Lair:7)
  A komodo dragon (Lair:7)
  2 blink frogs
  A yak (Lair:8)
  6 nagas
  3 water moccasins
  A crocodile (Lair:7)
  3 giant slugs
  A giant frog (Lair:7)
  A sheep (Lair:8)
  6 adders
  2 bushes (Lair:8)
  A fungus (Lair:8)
  4 plants
56 creatures vanquished.

Vanquished Creatures (others)
  A shock serpent skeleton (Snake:2)
  4 death yak skeletons
  A mana viper skeleton (Snake:2)
  4 black mamba skeletons
  6 naga skeletons
  7 blink frog skeletons
  9 elephant skeletons
  A komodo dragon skeleton (Lair:7)
  2 salamander skeletons (Snake:4)
  A water moccasin skeleton (Snake:2)
  6 yak skeletons (Lair:8)
  5 polar bear skeletons
  A giant frog skeleton (Lair:7)
  2 porcupine skeletons (Lair:7)
  A crocodile skeleton (Lair:8)
  An adder (Lair:6)
  2 adder skeletons
  A giant gecko (Lair:4)
  17 fungi
  7 plants
79 creatures vanquished.

Grand Total: 926 creatures vanquished

Notes
Turn   | Place    | Note
--------------------------------------------------------------
     0 | D:1      | Kejsarherre, the Octopode Conjurer, began the quest for the Orb.
     0 | D:1      | Reached XP level 1. HP: 11/11 MP: 3/3
   331 | D:1      | Reached XP level 2. HP: 12/17 MP: 5/5
   463 | D:1      | Learned a level 2 spell: Searing Ray
   493 | D:1      | Reached XP level 3. HP: 13/21 MP: 4/8
   985 | D:2      | Noticed Jessica
   991 | D:2      | Killed Jessica
   991 | D:2      | Reached XP level 4. HP: 19/27 MP: 6/11
  1514 | D:3      | Found a shimmering altar of Xom.
  1542 | D:3      | Found a shimmering altar of Xom.
  1620 | D:3      | Found a shimmering altar of Xom.
  1620 | D:3      | Found a shimmering altar of Xom.
  1622 | D:3      | Found a shimmering altar of Xom.
  1869 | D:3      | Found a basalt altar of Yredelemnul.
  1941 | D:4      | Noticed Edmund
  1972 | D:3      | Learned a level 4 spell: Iskenderun's Mystic Blast
  2080 | D:4      | Reached XP level 5. HP: 26/31 MP: 8/13
  2172 | D:4      | Reached skill level 1 in Shields
  2328 | D:4      | Found a glowing silver altar of Zin.
  2349 | D:4      | Found Frurracs' Armour Boutique.
  2378 | D:4      | Reached skill level 5 in Conjurations
  2846 | D:4      | Reached XP level 6. HP: 25/36 MP: 11/15
  2958 | D:4      | Noticed Menkaure
  2962 | D:4      | Killed Menkaure
  2962 | D:4      | Reached skill level 6 in Conjurations
  3367 | D:4      | Learned a level 5 spell: Iskenderun's Battlesphere
  3375 | D:5      | Entered Level 5 of the Dungeon
  3397 | D:5      | Reached XP level 7. HP: 31/41 MP: 17/17
  3743 | D:5      | Gained mutation: You are resistant to hostile enchantments. [potion of mutation]
  3743 | D:5      | Gained mutation: Your body is misshapen. [potion of mutation]
  3743 | D:5      | Gained mutation: Your muscles are strong. (Str +2) [potion of mutation]
  3901 | D:5      | Reached skill level 7 in Conjurations
  4149 | D:5      | Found a glowing drain.
  4171 | Sewer    | Entered a sewer
  4753 | Sewer    | Reached XP level 8. HP: 37/46 MP: 2/18
  4868 | Sewer    | Reached skill level 8 in Conjurations
  5610 | D:6      | Found a glowing golden altar of the Shining One.
  5654 | D:6      | Reached skill level 9 in Conjurations
  5816 | D:6      | Reached skill level 5 in Shields
  5999 | D:6      | Found Sohid's Weapon Shop.
  6402 | D:7      | Reached XP level 9. HP: 39/51 MP: 14/19
  6691 | D:7      | Found a staircase to the Ecumenical Temple.
  6709 | Temple   | Entered the Ecumenical Temple
  6721 | Temple   | Became a worshipper of Kikubaaqudgha
  6790 | D:7      | Reached skill level 10 in Conjurations
  6904 | D:7      | Noticed Dowan
  6905 | D:7      | Noticed Duvessa
  6976 | D:7      | Killed Duvessa
  6986 | D:7      | Noticed Eustachio
  6988 | D:7      | Killed Dowan
  7017 | D:6      | Noticed Pikel
  7449 | D:6      | Killed Pikel
  7525 | D:7      | Killed Eustachio
  7525 | D:7      | Reached skill level 5 in Spellcasting
  7747 | D:7      | Found Muric's Assorted Antiques.
  7760 | D:7      | Bought a scroll of identify for 52 gold pieces
  7768 | D:7      | Bought a scroll labeled UMAOMO CAJABU for 26 gold pieces
  7768 | D:7      | Bought a scroll labeled PHUT DEUSHROGRA for 26 gold pieces
  7768 | D:7      | Bought a scroll labeled UMAOMO CAJABU for 26 gold pieces
  8021 | D:7      | Reached skill level 11 in Conjurations
  8096 | D:8      | Noticed Erolcha
  8260 | D:8      | Killed Erolcha
  8260 | D:8      | Reached XP level 10. HP: 41/56 MP: 3/24
  8618 | D:8      | Acquired Kikubaaqudgha's first power
  8618 | D:8      | Received a gift from Kikubaaqudgha
  8650 | D:8      | Identified Kikubaaqudgha's Papyrus of Sinister Secrets (Kikubaaqudgha gifted it to you on level 8 of the Dungeon)
  8656 | D:8      | Learned a level 3 spell: Regeneration
  8658 | D:8      | Learned a level 1 spell: Animate Skeleton
  8929 | D:9      | Found Luqike's General Store.
  8991 | D:9      | Learned a level 3 spell: Mephitic Cloud
  9082 | D:9      | Found a staircase to the Orcish Mines.
  9106 | D:9      | Noticed a hill giant
  9107 | D:9      | Noticed a hill giant
  9179 | D:9      | Reached skill level 1 in Necromancy
  9235 | D:9      | Acquired Kikubaaqudgha's second power
  9319 | D:9      | Found an iron altar of Okawaru.
  9328 | D:9      | Reached skill level 12 in Conjurations
  9583 | D:9      | Found a staircase to the Lair.
 10411 | Lair:1   | Entered Level 1 of the Lair of Beasts
 10411 | Lair:1   | Noticed a black mamba
 10418 | Lair:1   | Killed a black mamba
 10545 | Lair:1   | Reached XP level 11. HP: 39/61 MP: 16/27
 10998 | Lair:1   | Noticed a five-headed hydra
 11004 | Lair:1   | Killed a five-headed hydra
 11004 | Lair:1   | Reached skill level 5 in Necromancy
 11019 | Lair:1   | Learned a level 5 spell: Force Lance
 11229 | Lair:1   | Received a gift from Kikubaaqudgha
 11232 | Lair:1   | Identified Kikubaaqudgha's Grimoire of Darkness (Kikubaaqudgha gifted it to you on level 1 of the Lair of Beasts)
 11353 | Lair:1   | Reached skill level 1 in Fighting
 11572 | Lair:2   | Noticed a six-headed hydra
 11584 | Lair:2   | Killed a six-headed hydra
 12202 | Lair:2   | Reached skill level 5 in Fighting
 13188 | Lair:3   | Found a labyrinth entrance.
 13203 | Lair:3   | Acquired Kikubaaqudgha's third power
 13208 | Lab      | Entered a labyrinth
 13547 | Lab      | Noticed a minotaur
 13553 | Lab      | Killed a minotaur
 13557 | Lab      | Identified a -1 rod of ignition (14/14) (You took it off a minotaur in a labyrinth)
 14365 | Lair:4   | Reached XP level 12. HP: 33/80 MP: 21/29
 14642 | Lair:4   | Noticed Nergalle
 14825 | Lair:4   | Killed Nergalle
 15041 | Lair:4   | Found a staircase to the Snake Pit.
 15239 | Lair:4   | Reached skill level 10 in Spellcasting
 15449 | Lair:4   | Found a staircase to the Swamp.
 17464 | Lair:6   | Acquired Kikubaaqudgha's fourth power
 17474 | Lair:6   | Got a scintillating ivory ring
 17942 | Lair:2   | Learned a level 6 spell: Haste
 18142 | Lair:6   | Found a staircase to the Slime Pits.
 18472 | Lair:7   | Noticed a death yak
 18474 | Lair:7   | Noticed a death yak
 18474 | Lair:7   | Noticed a death yak
 18475 | Lair:7   | Noticed a death yak
 18476 | Lair:7   | Noticed a death yak
 18675 | Lair:6   | Killed a death yak
 18676 | Lair:6   | Killed a death yak
 18676 | Lair:6   | Reached XP level 13. HP: 77/85 MP: 4/33
 18957 | Lair:6   | Killed a death yak
 18957 | Lair:6   | Reached skill level 13 in Spellcasting
 19073 | Lair:7   | Killed a death yak
 19095 | Lair:6   | Killed a death yak
 19429 | Lair:7   | Reached skill level 1 in Charms
 20294 | Lair:8   | Entered Level 8 of the Lair of Beasts
 21661 | Lair:8   | Reached XP level 14. HP: 45/90 MP: 1/35
 21877 | Lair:8   | Reached skill level 14 in Conjurations
 22143 | Lair:8   | Learned a level 6 spell: Poison Arrow
 22715 | Lair:8   | Reached skill level 15 in Conjurations
 23717 | Orc:1    | Entered Level 1 of the Orcish Mines
 23770 | Orc:1    | Found a roughly hewn altar of Beogh.
 23858 | Orc:1    | Noticed Prince Ribbit
 23872 | Orc:1    | Killed Prince Ribbit
 24029 | Orc:2    | Noticed Fannar
 24045 | Orc:2    | Killed Fannar
 24285 | Orc:2    | Reached skill level 16 in Conjurations
 24906 | Orc:4    | Entered Level 4 of the Orcish Mines
 25199 | Orc:4    | Found Ghoami's Jewellery Boutique.
 25254 | Orc:4    | Found Itacyw's Food Boutique.
 25260 | Orc:4    | Bought an uncursed ring of poison resistance for 260 gold pieces
 26608 | Orc:4    | HP: 1/90 [orc knight/uncursed great mace (21)]
 26619 | Orc:4    | Reached XP level 15. HP: 8/96 MP: 8/36
 26888 | Orc:4    | Found Ugiatz's Weapon Shoppe.
 26888 | Orc:4    | Found Xiamiud's Antique Armour Boutique.
 26891 | Orc:4    | Found Iguax's Jewellery Emporium.
 26893 | Orc:4    | Found Klabbit's Weapon Shop.
 26903 | Orc:4    | Bought the ring "Frec" {+Blink rElec rN+ Acc+4 Stlth-} for 691 gold pieces
 26903 | Orc:4    | Bought an uncursed ring of magical power for 280 gold pieces
 26903 | Orc:4    | Bought the ring of Sticw {Ice +Inv rElec Dex+1 Int+1 SInv} for 761 gold pieces
 26916 | Orc:4    | Learned a level 9 spell: Glaciate
 27151 | Snake:1  | Entered Level 1 of the Snake Pit
 27262 | Snake:1  | Noticed Agnes
 27266 | Snake:1  | Killed Agnes
 27266 | Snake:1  | Reached skill level 17 in Conjurations
 27719 | Snake:2  | Reached skill level 5 in Stealth
 27952 | Snake:2  | Identified the ring of Ghaaxtikh {rF+ rC++ Dex+3 SInv} (You found it on level 6 of the Lair of Beasts)
 28156 | Snake:2  | Found Celuerr's Book Boutique.
 29264 | Snake:4  | Identified Osegil's Handbook of Floating Attacks
 29286 | Snake:4  | Noticed a greater naga
 29290 | Snake:4  | Killed a greater naga
 29566 | Snake:4  | HP: 3/96 [naga sharpshooter/ bolt (12)]
 29567 | Snake:4  | Shot with a bolt by a naga sharpshooter

Action                   |  1- 3 |  4- 6 |  7- 9 | 10-12 | 13-15 || total
-------------------------+-------+-------+-------+-------+-------++-------
Melee: Unarmed           |    58 |    73 |   222 |       |       ||   353
       Whip              |       |       |    35 |   268 |   493 ||   796
       Broad axe         |       |       |       |       |     6 ||     6
 Cast: Magic Dart        |    27 |    74 |   167 |   340 |   374 ||   982
       Searing Ray       |       |     2 |     8 |     5 |     4 ||    19
       Iskenderun's Myst |       |     8 |    47 |   147 |   102 ||   304
       Iskenderun's Batt |       |       |     6 |    48 |    70 ||   124
       Mephitic Cloud    |       |       |       |    12 |    26 ||    38
       Regeneration      |       |       |       |    13 |    56 ||    69
       Force Lance       |       |       |       |    11 |    10 ||    21
       Animate Skeleton  |       |       |       |       |    71 ||    71
       Poison Arrow      |       |       |       |       |   106 ||   106
Invok: Receive Corpses   |       |       |       |       |     4 ||     4
Evoke: Wand              |       |       |       |     6 |     9 ||    15
  Use: Scroll            |     2 |     4 |    12 |    10 |     9 ||    37
       Potion            |       |     1 |     4 |     2 |     7 ||    14
 Stab: Sleeping          |     4 |       |     9 |     5 |     9 ||    27
       Distracted        |       |       |     2 |       |     3 ||     5
       Confused          |       |       |       |     1 |       ||     1
